 Seeded DCSS version 0.29.1-2-gbd0b4ee654 (webtiles) character file.

Game seed: 3311 (custom seed)

140 Ashen the Digger (level 5, -3/37 HPs)
             Began as a Demonspawn Earth Elementalist on Oct 28, 2022.
             Was an Initiate of Vehumet.
             Slain by an orc
             ... wielding a +0 hand axe
              (5 damage)
             ... on level 3 of the Dungeon.
             The game lasted 00:04:41 (2918 turns).

Ashen the Digger (Demonspawn Earth Elementalist)    Turns: 2918, Time: 00:04:42

Health: -3/37      AC:  3    Str:  8    XL:     5   Next: 2%
Magic:  5/8        EV: 13    Int: 17    God:    Vehumet [......]
Gold:   164        SH:  0    Dex: 17    Spells: 3/9 levels left

rFire   . . .      SeeInvis .   f - +0 short sword (venom)
rCold   . . .      Faith    .   (no shield)
rNeg    . . .      Spirit   .   n - +0 leather armour
rPois   .          Reflect  .   (helmet restricted)
rElec   .          Harm     .   (no cloak)
rCorr   .          Rampage  .   (no gloves)
Will    .....                   (no boots)
Stlth   ++........              (no amulet)
HPRegen 0.12/turn               (no ring)
MPRegen 0.11/turn               (no ring)

@: unable to drink
A: sturdy frame 2, beak, agile 1, inability to drink after injury 1
a: Renounce Religion


You were on level 3 of the Dungeon.
You worshipped Vehumet.
Vehumet was noncommittal.
You visited 1 branch of the dungeon, and saw 3 of its levels.

You collected 164 gold pieces.

Inventory:

Hand Weapons
 f - a +0 short sword of venom (weapon)
Armour
 l - a +0 helmet
 n - a +0 leather armour (worn)
Scrolls
 a - a scroll of poison {unknown}
 d - 3 scrolls of teleportation {unknown}
 i - 2 scrolls of identify {unknown}
 j - a scroll of noise {unknown}
 k - a scroll of enchant armour {unknown}
 m - a scroll of fear {unknown}
Potions
 b - a potion of magic
 g - 2 potions of attraction {unknown}
 h - a potion of resistance


   Skills:
 + Level 1.5 Fighting
 + Level 2.4 Dodging
 + Level 2.6 Stealth
 + Level 2.6 Spellcasting
 - Level 2.0 Transmutations
 + Level 3.2 Earth Magic


You had 3 spell levels left.
You knew the following spells:

 Your Spells              Type           Power      Damage    Failure   Level
a - Sandblast             Erth           26%        2d8       4%          1
b - Passwall              Tmut/Erth      9%         N/A       10%         2
c - Stone Arrow           Conj/Erth      14%        3d7       28%         3

Your spell library contained the following spells:

 Spells                   Type           Power      Damage    Failure   Level
 Frozen Ramparts          Ice            4%         1d1       50%         3
 Petrify                  Tmut/Erth      11%        N/A       52%         4
 Ice Form                 Ice/Tmut       5%         N/A       77%         4
 Summon Ice Beast         Ice/Summ       2%         N/A       88%         4


Dungeon Overview and Level Annotations

Branches:
Dungeon (3/15)

Altars:
Vehumet

Annotations:
D:2 1 runed translucent door, Crazy Yiuf


Innate Abilities, Weirdness & Mutations

Your movements are less encumbered by armour. (ER -4)
You have a beak for a mouth.
You are agile. (Dex +4, Str/Int -1)
You occasionally lose the ability to drink potions when taking damage.


Message History

You feel threatened and lose the ability to drink potions!
You barely miss something.
You hear some strange, mumbled words.
Something tries to affect you, but you resist.
You miss something. Something hits you. x2
You hit something but do no damage. Your peck misses something.
Something hits you but does no damage.
You miss something.
You hear some strange, mumbled words.
A magic dart appears from out of thin air!
The magic dart hits you!
* * * LOW HITPOINT WARNING * * *
You hit something but do no damage. Your peck misses something.
Something hits you.
* * * LOW HITPOINT WARNING * * *
Unknown command.
Something hits you but does no damage.
Casting: Sandblast (safe; 4% risk of failure)
Confirm with . or Enter, or press ? or * to list all spells.
Aiming: Sandblast (safe; 4% risk of failure)
Press: ? - help, Shift-Dir - straight line, f/p - orc
Aim: an orc, wielding a +0 hand axe (82% to hit)
The blast of sand hits something but does no damage.
You can drink potions again.
Vehumet accepts your kill.
Reactivating autopickup.
You feel a bit more experienced.
Training target 2.0 for Transmutations reached!
Your Transmutations skill increases to level 2!
You have reached level 5!
Casting: Sandblast (safe; 4% risk of failure)
Confirm with . or Enter, or press ? or * to list all spells.
Aiming: Sandblast (safe; 4% risk of failure)
Press: ? - help, Shift-Dir - straight line, f/p - orc
Aim: an orc, wielding a +0 hand axe (82% to hit)
The blast of sand hits the orc.
The orc is moderately wounded.
The orc closely misses you. The orc hits you with a +0 hand axe.
You feel threatened and lose the ability to drink potions!
You die...

#... #######.
####.# #..
##....#########.#
##..##...........#
#...##############
#.#...............
#.################
#.#.o .........
#@#.# ###########
#o#.##..{oooo...
#)#....#########
#...# #####


You could see an orc.

Vanquished Creatures
  3 orc wizards (D:3)
  A worm (D:1)
  3 dart slugs
  An orc (D:3)
  8 endoplasms
  3 giant cockroaches
  6 hobgoblins
  4 jackals (D:2)
  A quokka (D:2)
  8 ball pythons
  4 bats
  2 frilled lizards
  3 goblins
  3 kobolds
  4 rats
54 creatures vanquished.

Notes
Turn   | Place    | Note
-------+----------+-------------------------------------------
     0 | D:1      | Ashen the Demonspawn Earth Elementalist began the quest for
                  | the Orb.
     0 | D:1      | Reached XP level 1. HP: 13/13 MP: 3/3
    67 | D:1      | Reached skill level 1 in Transmutations
   229 | D:1      | Gained mutation: Your movements are slightly less
                  | encumbered by armour. (ER -2) [demonic ancestry]
   229 | D:1      | Reached XP level 2. HP: 19/19 MP: 3/5
  1237 | D:2      | Gained mutation: Your movements are less encumbered by
                  | armour. (ER -4) [demonic ancestry]
  1237 | D:2      | Reached XP level 3. HP: 25/25 MP: 6/6
  1522 | D:2      | Learned a level 2 spell: Passwall
  1526 | D:2      | Learned a level 3 spell: Stone Arrow
  1636 | D:2      | Reached skill level 3 in Earth Magic
  2187 | D:2      | Found a faded altar of an unknown god.
  2211 | D:2      | Found a runed translucent door.
  2212 | D:2      | Noticed Crazy Yiuf
  2340 | D:3      | Reached skill level 1 in Fighting
  2421 | D:3      | Found a radiant altar of Vehumet.
  2429 | D:3      | Became a worshipper of Vehumet
  2895 | D:3      | Gained mutation: You occasionally lose the ability to drink
                  | potions when taking damage. [potion of mutation]
  2895 | D:3      | Gained mutation: You are agile. (Dex +4, Str/Int -1)
                  | [potion of mutation]
  2895 | D:3      | Gained mutation: You have a beak for a mouth. [potion of
                  | mutation]
  2895 | D:3      | HP: 1/26 [something (2)]
  2901 | D:3      | Reached XP level 4. HP: 29/32 MP: 7/7
  2918 | D:3      | Reached XP level 5. HP: 2/37 MP: 6/8
  2918 | D:3      | Slain by an orc

Illustrated notes

Levels and vault maps discovered:
D:1:      amcnicky_arrival_flooded_fountain, layout_loops_corners
D:2:      layout_basic, shapermc_ecumenical_altar_petra,
          nicolae_figureground_sparkle, uniq_crazy_yiuf_cottage
D:3:      layout_basic, nicolae_sif_muna_little_library,
          mainiacjoe_overflow_paths, serial_co_window_serial,
          co_window_of_opportunity_a, co_window_corner_a, co_window_paths_a,
          co_window_of_opportunity_a, co_window_of_opportunity_a,
          co_window_cross_3, co_window_unsneaky_path_c, co_window_corner_b,
          co_window_cross_4, co_window_unsneaky_path_c,
          co_window_of_opportunity_c, co_window_paths_d, glass_columns_a,
          glass_columns_a, glass_columns_a, glass_columns_c, glass_columns_b

Skill      XL: |  1  2  3  4 |
---------------+-------------+-----
Transmutations | 1 2 |  2.0
Stealth        | 2 |  2.6
Dodging        | 2 |  2.4
Earth Magic    | 3 |  3.2
Fighting       | 1 |  1.5
Spellcasting   | |  2.6

Action                   |  1- 3 |  4- 6 || total
-------------------------+-------+-------++-------
Melee: Unarmed           |     1 |       ||     1
       Short sword       |    26 |    15 ||    41
       Peck              |       |     4 ||     4
 Cast: Sandblast         |    74 |     2 ||    76
       Passwall          |     1 |       ||     1
  Use: Potion            |     2 |       ||     2
 Stab: Sleeping          |     2 |       ||     2
Armor: Robe              |     8 |       ||     8
       Leather armour    |     5 |     2 ||     7
Dodge: Dodged            |    37 |     4 ||    41
